 Dungeon Crawl Stone Soup version 0.30-a0-793-g160f7cfddd (webtiles) character file.

Game seed: 13701153498268959164

5511 themarg the Fighter (level 10, -16/83 HPs)
             Began as a Demonspawn Fire Elementalist on Feb 19, 2023.
             Was a Plaything of Xom.
             Demolished by a two-headed ogre
             ... wielding a +0 giant club
              (17 damage)
             ... on level 9 of the Dungeon.
             The game lasted 00:24:58 (8091 turns).

themarg the Fighter (Demonspawn Fire Elementalist)  Turns: 8091, Time: 00:24:58

Health: -16/83     AC:  8    Str:  8    XL:     10   Next: 43%
Magic:  8/26       EV: 12    Int: 25    God:    Xom [..*...]
Gold:   544        SH:  4    Dex: 12    Spells: 9/19 levels left

rFire   . . .      SeeInvis .    Q - +0 quick blade (venom)
rCold   . . .      Faith    .    (no shield)
rNeg    . . .      Spirit   .    w - +0 leather armour
rPois   +          Reflect  .    (helmet restricted)
rElec   .          Harm     .    (no cloak)
rCorr   .          Rampage  .    (gloves unavailable)
Will    .....                    U - +0 pair of boots
Stlth   ++                       E - amulet of magic regeneration
HPRegen 0.33/turn                q - +4 ring of protection
MPRegen 0.60/turn                J - ring of magical power

@: very slightly contaminated
A: claws 3, horns 1, powered by death 1, condensation shield, weakness stinger
2, clever 1, poison resistance, MP-powered wands, sturdy frame 1
a: Renounce Religion


You were on level 9 of the Dungeon.
You worshipped Xom.
You were a toy of Xom.
You visited 1 branch of the dungeon, and saw 9 of its levels.

You collected 544 gold pieces.

Inventory:

Hand Weapons
 c - a +0 dagger
 r - the +6 flail "Dedd" {heavy, *Slow Will+++ rCorr}
   (You found it on level 2 of the Dungeon)

   rCorr:     It protects you from acid and corrosion.
   *Slow:     It may slow you when you take damage.
   Will:      It greatly increases your willpower.
 D - a +2 flail of draining
 Q - a +0 quick blade of venom (weapon)
Missiles
 j - 51 stones
 k - 26 poisoned darts (quivered)
 s - 18 boomerangs
Armour
 a - a +0 robe
 n - a +0 helmet
 w - a +0 leather armour (worn)
 U - a +0 pair of boots (worn)
Magical Staves
 I - a staff of fire
 M - a staff of conjuration
Jewellery
 q - a +4 ring of protection (left claw)
 y - a ring of positive energy
 E - an amulet of magic regeneration (around neck)
 F - an amulet of faith
 J - a ring of magical power (right claw)
 L - a ring of magical power
Wands
 G - a wand of polymorph (13)
 O - a wand of charming (4)
 R - a wand of roots (4)
 T - a wand of flame (24)
Scrolls
 e - 2 scrolls of amnesia
 h - a scroll of fog {unknown}
 i - 2 scrolls of magic mapping {unknown}
 p - 4 scrolls of teleportation
 t - a scroll of blinking {unknown}
 u - a scroll of immolation {unknown}
 v - a scroll of summoning {unknown}
 A - 3 scrolls of noise {unknown}
 B - 2 scrolls of brand weapon {unknown}
 K - a scroll of poison {unknown}
 N - 4 scrolls of enchant armour {unknown}
Potions
 b - a potion of magic
 d - 2 potions of resistance
 f - a potion of ambrosia {unknown}
 g - a potion of cancellation
 l - 2 potions of berserk rage
 m - 2 potions of haste {unknown}
 o - 8 potions of curing
 x - 2 potions of attraction
 z - 5 potions of heal wounds
 C - a potion of lignification {unknown}
 P - a potion of invisibility {unknown}
 S - a potion of flight {unknown}
Miscellaneous
 H - a phial of floods


   Skills:
 + Level 9.0 Fighting
 - Level 2.0 Throwing
 - Level 3.0 Dodging
 - Level 2.0 Stealth
 - Level 4.6 Unarmed Combat
 - Level 5.0 Spellcasting
 - Level 5.0 Conjurations
 - Level 3.0 Transmutations
 - Level 5.0 Fire Magic
 - Level 3.0 Poison Magic
 - Level 5.0 Evocations


You had 9 spell levels left.
You knew the following spells:

 Your Spells              Type           Power      Damage    Failure   Level
a - Foxfire               Conj/Fire      100%       2x1d9     1%          1
b - Scorch                Fire           62%        2d8       1%          2
c - Flame Wave            Conj/Fire      31%        2d9       11%         4
d - Ignite Poison         Fire/Tmut/Pois 24%        N/A       6%          3

Your spell library contained the following spells:

 Spells                   Type           Power      Damage    Failure   Level
 Static Discharge         Conj/Air       36%        2-4/arc   4%          2
 Apportation              Tloc           12%        N/A       9%          1
 Necrotise                Necr           24%        1d5       9%          1
 Summon Small Mammal      Summ           24%        N/A       9%          1
 Cigotuvi's Dreadful Rot  Necr/Pois/Air  22%        N/A       9%          2
 Inner Flame              Hex/Fire       18%        N/A       10%         3
 Sticky Flame             Conj/Fire      31%        2d5       11%         4
 Sublimation of Blood     Necr           6%         N/A       13%         2
 Kindle Blastsparks       Fire/Tloc/Air  28%        2d12      14%         3
 Call Canine Familiar     Summ           6%         N/A       26%         3
 Summon Guardian Golem    Hex/Summ       6%         N/A       26%         3
 Vampiric Draining        Necr           6%         2d6       26%         3
 Vhi's Electric Charge    Tloc/Air       12%        N/A       26%         3
 Fireball                 Conj/Fire      15%        3d8       30%         5
 Iskenderun's Battlesphe  Conj           31%        2d8       30%         5
 Anguish                  Hex/Necr       3%         N/A       65%         4
 Cause Fear               Hex            3%         N/A       65%         4
 Dispel Undead            Necr           6%         3d8       65%         4
 Arcjolt                  Conj/Air       9%         1d19      65%         5
 Lightning Bolt           Conj/Air       9%         1d21      65%         5
 Conjure Ball Lightning   Conj/Air       9%         3x3d6     99%         6
 Death Channel            Necr           3%         N/A       100%        6
 Dragon Form              Tmut           10%        N/A       100%        7
 Orb of Destruction       Conj           15%        9d7       100%        7
 Dragon's Call            Summ           3%         N/A       100%        9


Dungeon Overview and Level Annotations

Branches:
Dungeon (9/15)             Temple (0/1) D:7            Lair (0/5) D:8
    Orc: D:9-12

Altars:
Ashenzari
Dithmenos
Kikubaaqudgha
Wu Jian
Xom
Yredelemnul

Shops:
D:8 (


Innate Abilities, Weirdness & Mutations

You have claws for hands.
You have a pair of small horns on your head.
You regenerate a little health from kills.
A meltable shield of frost defends you. (SH +4)
You have a tail ending in a sharp stinger.
Your mind is acute. (Int +4, Str/Dex -1)
Your system is resistant to poisons. (rPois)
You expend magic power (3 MP) to strengthen your wands.
Your movements are slightly less encumbered by armour. (ER -2)


Message History

The yak is almost dead. (Press . to intensify the flame waves.)
The yak barely misses you.
A wave of flame ripples out!
The flame wave engulfs the yak!
The yak is burned terribly!
You kill the yak!
The flame wave engulfs the two-headed ogre!
The two-headed ogre is burned terribly!
The two-headed ogre is heavily wounded.
A wave of flame ripples out!
The flame wave engulfs the two-headed ogre!!
The two-headed ogre is burned terribly!
The two-headed ogre is severely wounded.
The flame wave engulfs the yak!
The yak is burned terribly!
You kill the yak!
The flame wave engulfs the yak.
The yak is lightly wounded.
You finish channelling waves of flame.
The two-headed ogre hits you with a +0 giant club!
The two-headed ogre hits you with a +0 giant spiked club!!
* * * LOW HITPOINT WARNING * * *
Your Fighting skill increases to level 9!
Casting: Flame Wave (dangerous; 11% risk of failure)
Press: ? - help, Dir - look around, f - activate You miscast Flame Wave.
You are very lightly contaminated with residual magic.
Nothing appears to happen.
The two-headed ogre is no longer more vulnerable to fire.
Casting: Flame Wave (dangerous; 11% risk of failure)
Press: ? - help, Dir - look around, f - activate A wave of flame ripples out!
The flame wave engulfs the two-headed ogre!
The two-headed ogre is almost dead. (Press . to intensify the flame waves.)
The two-headed ogre hits you with a +0 giant club!
* * * LOW HITPOINT WARNING * * *
Xom is interested.
The two-headed ogre hits you with a +0 giant spiked club!
You die...
Xom thinks this is hilarious!

#############################
.........YYO@................
.........†################..#
....<.....################...
.............................
.............................
............Y................
.............................
.............O....>..........
.............................


You could see a two-headed ogre and 2 yaks.

Vanquished Creatures
  2 two-headed ogres
  Joseph (D:8)
  A hornet (D:9)
  Prince Ribbit (D:8)
  A wyvern (D:7)
  6 yaks
  2 water moccasins (D:8)
  4 orc warriors
  2 black bears
  An ice beast (D:6)
  A sky beast (D:8)
  A centaur (D:8)
  A phantom (D:7)
  4 bullfrogs
  2 necrophages
  A scorpion (D:6)
  A gnoll sergeant (D:7)
  5 howler monkeys
  3 jellies
  6 orc priests
  3 hounds
  An iguana (D:4)
  7 orc wizards
  3 gnolls (D:7)
  5 adders
  An ufetubus (D:6)
  A worm (D:3)
  3 dart slugs
  25 orcs
  8 bats
  8 endoplasms
  6 giant cockroaches
  8 goblins
  8 hobgoblins
  3 jackals (D:4)
  2 quokkas
  8 ball pythons
  7 frilled lizards
  7 kobolds
  7 rats
167 creatures vanquished.

Vanquished Creatures (collateral kills)
  2 orc priests
  An orc wizard (D:4)
  An endoplasm (D:4)
  A jackal (D:4)
5 creatures vanquished.

Vanquished Creatures (others)
  190 foxfires
  2 plants (D:7)
192 creatures vanquished.

Grand Total: 364 creatures vanquished

Notes
Turn   | Place    | Note
-------+----------+-------------------------------------------
     0 | D:1      | themarg the Demonspawn Fire Elementalist began the quest
                  | for the Orb.
     0 | D:1      | Reached XP level 1. HP: 13/13 MP: 3/3
   352 | D:1      | Discovered your monstrous ancestry.
   352 | D:1      | Gained mutation: You have sharp fingernails. [demonic
                  | ancestry]
   352 | D:1      | Reached XP level 2. HP: 19/19 MP: 0/5
   355 | D:1      | Learned a level 2 spell: Scorch
  1187 | D:1      | Gained mutation: You have very sharp fingernails. [demonic
                  | ancestry]
  1187 | D:1      | Reached XP level 3. HP: 24/24 MP: 3/6
  1562 | D:2      | Found a basalt altar of Yredelemnul.
  1842 | D:2      | Found a faded altar of an unknown god.
  1851 | D:2      | Prayed at the altar of an unknown god.
  1851 | D:2      | Became a worshipper of Xom of Chaos
  1858 | D:2      | XOM: silly message
  1973 | D:2      | Identified the +6 flail "Dedd" {heavy, *Slow Will+++ rCorr}
  2225 | D:3      | Found a shadowy altar of Dithmenos.
  2406 | D:3      | XOM: god gift: leather armour {god gift}
  2442 | D:3      | XOM: confuse monster(s)
  2466 | D:3      | Gained mutation: You have a small tail. [demonic ancestry]
  2466 | D:3      | Reached XP level 4. HP: 15/30 MP: 0/7
  2498 | D:3      | XOM: god gift: 14 gold pieces
  2574 | D:3      | XOM: 3-stop teleportation journey
  2665 | D:3      | XOM: god gift: 28 gold pieces
  3211 | D:4      | Noticed a black bear
  3221 | D:4      | Killed a black bear
  3222 | D:4      | Reached skill level 5 in Fire Magic
  3222 | D:4      | Reached skill level 1 in Fighting
  3222 | D:4      | Gained mutation: You regenerate a little health from kills.
                  | [demonic ancestry]
  3222 | D:4      | Reached XP level 5. HP: 27/37 MP: 3/8
  3378 | D:4      | XOM: give mutations
  3378 | D:4      | Gained mutation: You expend magic power (3 MP) to
                  | strengthen your wands. [Xom's grace]
  3378 | D:4      | Gained mutation: You have a beak for a mouth. [Xom's grace]
  3625 | D:4      | Reached skill level 2 in Fighting
  3835 | D:4      | Reached skill level 3 in Fighting
  3835 | D:4      | Gained mutation: You have claws for hands. [demonic
                  | ancestry]
  3835 | D:4      | Reached XP level 6. HP: 47/47 MP: 1/9
  4066 | D:4      | XOM: potion effect (invisibility)
  4236 | D:4      | XOM: summons friendly hellwing
  4250 | D:4      | Reached skill level 4 in Fighting
  4370 | D:5      | Entered Level 5 of the Dungeon
  4539 | D:5      | XOM: give mutation
  4539 | D:5      | Gained mutation: Your movements are slightly less
                  | encumbered by armour. (ER -2) [Xom's grace]
  4673 | D:3      | XOM: cloud trail
  4790 | D:5      | XOM: god gift: phial of floods
  4846 | D:5      | Found an ancient bone altar of Kikubaaqudgha.
  5156 | D:6      | Reached skill level 5 in Fighting
  5156 | D:6      | Gained mutation: You have a tail ending in a sharp stinger.
                  | [demonic ancestry]
  5156 | D:6      | Reached XP level 7. HP: 56/56 MP: 10/10
  5269 | D:6      | XOM: give mutations
  5269 | D:6      | Gained mutation: Your mind is acute. (Int +4, Str/Dex -1)
                  | [Xom's mischief]
  5269 | D:6      | Gained mutation: Your system is resistant to poisons.
                  | (rPois) [Xom's mischief]
  5334 | D:6      | Found a broken altar of Ashenzari.
  5525 | D:6      | XOM: stat loss: -1 Dex (11/12)
  5987 | D:6      | Learned a level 4 spell: Flame Wave
  5996 | D:7      | Reached XP level 8. HP: 41/62 MP: 8/12
  6136 | D:7      | Found a staircase to the Ecumenical Temple.
  6157 | D:7      | Reached skill level 5 in Conjurations
  6257 | D:7      | XOM: silly message
  6310 | D:7      | XOM: blink monster(s)
  6313 | D:7      | XOM: smoke on damage
  6348 | D:7      | XOM: silly message
  6353 | D:7      | XOM: polymorph orc -> endoplasm
  6357 | D:7      | XOM: scenery: summon butterflies
  6423 | D:7      | XOM: divination: magic mapping
  6457 | D:7      | Reached skill level 5 in Evocations
  6457 | D:7      | Reached skill level 1 in Throwing
  6565 | D:7      | XOM: 2-stop teleportation journey
  6582 | D:7      | Reached skill level 1 in Unarmed Combat
  6641 | D:7      | XOM: scenery: create altars
  6755 | D:8      | Noticed a two-headed ogre
  6760 | D:8      | Killed a two-headed ogre
  6761 | D:8      | Gained mutation: A meltable shield of frost defends you.
                  | (SH +4) [demonic ancestry]
  6761 | D:8      | Reached XP level 9. HP: 43/68 MP: 13/13
  6839 | D:8      | XOM: god gift: +0 quick blade of venom
  6843 | D:8      | XOM: god gift: Nany's Elucidation of Incandescence and
                  | Malignant Mysteries {god gift}
  6844 | D:8      | Got Nany's Elucidation of Incandescence and Malignant
                  | Mysteries {god gift}
  6891 | D:8      | Noticed Prince Ribbit
  6893 | D:8      | Reached skill level 1 in Transmutations
  6893 | D:8      | Reached skill level 1 in Poison Magic
  6900 | D:8      | Killed Prince Ribbit
  6956 | D:8      | XOM: summons 2 hostile shadow creatures
  7012 | D:8      | Found a staircase to the Lair.
  7101 | D:8      | Found an ornate altar of the Wu Jian Council.
  7119 | D:8      | Reached skill level 5 in Spellcasting
  7121 | D:8      | Reached skill level 6 in Fighting
  7202 | D:8      | Learned a level 3 spell: Ignite Poison
  7218 | D:8      | Found Myocesen's Antique Weapon Emporium.
  7367 | D:8      | XOM: silly message
  7413 | D:8      | Noticed Joseph
  7425 | D:8      | XOM: divination: detect items
  7427 | D:8      | XOM: cast spell 'Call Canine Familiar'
  7430 | D:8      | Killed Joseph
  7489 | D:8      | Lost mutation: You have a beak for a mouth. [demonic
                  | ancestry]
  7489 | D:8      | Gained mutation: You have a pair of small horns on your
                  | head. [demonic ancestry]
  7489 | D:8      | Reached XP level 10. HP: 77/77 MP: 17/17
  7594 | D:8      | XOM: god gift: quarterstaff {god gift}
  7677 | D:9      | XOM: cloud trail
  7702 | D:9      | Reached skill level 7 in Fighting
  7868 | D:9      | Noticed a two-headed ogre
  7876 | D:9      | Killed a two-headed ogre
  7936 | D:9      | XOM: cast spell 'Olgreb's Toxic Radiance'
  7939 | D:9      | Reached skill level 8 in Fighting
  8062 | D:9      | Noticed a two-headed ogre
  8090 | D:9      | Reached skill level 9 in Fighting
  8091 | D:9      | HP: 1/83 [two-headed ogre/+0 giant club (17)]
  8091 | D:9      | Demolished by a two-headed ogre

Illustrated notes

Levels and vault maps discovered:
D:1:      minmay_arrival_glassed_features, layout_basic,
          hangedman_decor_clover_reticule
D:2:      layout_rooms, hellmonk_ecumenical_altar_slurped_away, basic_altar,
          grunt_ministairs_6
D:3:      layout_rooms, nicolae_dithmenos_the_darkroom, marbit_many_paths,
          minmay_circle_x
D:4:      layout_basic
D:5:      layout_basic, mainiacjoe_overflow_catwalk
D:6:      layout_loops_corners, ashenzari_altar_1
D:7:      layout_basic, minmay_temple_entry_gardened_gates
D:8:      layout_basic, overflow_temple_1_default, lair_entry_dummy,
          serial_shops, shop, uniq_prince_ribbit1, uniq_joseph
D:9:      layout_long_grid

Skill      XL: |  1  2  3  4  5  6  7  8  9 10 |
---------------+-------------------------------+-----
Stealth        | 2 |  2.0
Fire Magic     | 3 4 5 |  5.0
Fighting       | 1 3 5 6 9 |  9.0
Dodging        | 2 3 |  3.0
Spellcasting   | 3 5 |  5.0
Conjurations   | 4 5 |  5.0
Evocations     | 5 |  5.0
Throwing       | 2 |  2.0
Unarmed Combat | 4 |  4.6
Transmutations | 2 3 |  3.0
Poison Magic   | 2 3 |  3.0

Action                     |  1- 3 |  4- 6 |  7- 9 | 10-12 || total
---------------------------+-------+-------+-------+-------++-------
  Melee: Dagger            |    15 |    43 |       |       ||    58
         Tailslap          |       |     8 |     2 |     2 ||    12
         Peck              |       |    10 |     3 |       ||    13
         Punch             |       |     1 |     3 |       ||     4
         Unarmed           |       |     2 |     5 |       ||     7
         Quick blade       |       |       |    18 |    23 ||    41
         Headbutt          |       |       |       |     7 ||     7
  Throw: Dart              |       |       |       |     1 ||     1
   Cast: Foxfire           |    39 |    22 |    36 |    14 ||   111
         Scorch            |    28 |    43 |    82 |    14 ||   167
         Flame Wave        |       |       |    15 |     5 ||    20
         Ignite Poison     |       |       |     2 |     4 ||     6
    Use: Scroll            |       |     6 |     2 |     1 ||     9
         Potion            |       |     1 |       |       ||     1
   Stab: Sleeping          |     1 |       |       |       ||     1
 Armour: Robe              |     2 |    16 |       |       ||    18
         Leather armour    |       |     1 |    23 |     8 ||    32
  Dodge: Dodged            |    18 |    41 |    31 |    19 ||   109
  Block: Other             |       |       |     4 |     5 ||     9

Table legend: (Time is in decaauts)
 A = Elapsed time spent in this place.
 B = Non-inter-level travel time spent in this place.
 C = Inter-level travel time spent in this place.
 D = Time resting spent in this place.
 E = Time spent auto-exploring this place.
 F = Levels seen in this place.
 G = Mean time per level.
                   A        B        C        D        E       F      G
               +--------+--------+--------+--------+--------+-----+--------+
         Total |   8076 |   7757 |    319 |    493 |   6022 |   9 |  897.3 |
       Dungeon |   8076 |   7757 |    319 |    493 |   6022 |   9 |  897.3 |
               +--------+--------+--------+--------+--------+-----+--------+

Top non-repeatable levels by time:
     D:1: 1338 daAuts
     D:4: 1306 daAuts
     D:3: 1070 daAuts
     D:6: 989 daAuts
     D:8: 909 daAuts
     D:2: 755 daAuts
     D:5: 645 daAuts
     D:7: 639 daAuts
     D:9: 421 daAuts
